 Dungeon Crawl Stone Soup version 0.19-a0-1002-g674d22e (webtiles) character file.

57 HAL9000 the Ruffian (level 4, -1/38 HPs)
             Began as a Naga Transmuter on July 18, 2016.
             Slain by a worm (10 damage)
             ... on level 2 of the Dungeon.
             The game lasted 00:02:31 (1248 turns).

HAL9000 the Ruffian (Naga Transmuter)               Turns: 1248, Time: 00:02:32

Health: -1/38      AC:  2    Str: 11 (13) XL:     4   Next: 0%
Magic:  7/7        EV: 15    Int: 12 (14) God:
Gold:   36         SH:  0    Dex: 13 (16) Spells: 1 memorised, 6 levels left

rFire  . . .     SeeInvis +       - Unarmed
rCold  . . .     Gourm    .     b - +0 robe
rNeg   . . .     Faith    .     (no shield)
rPois  +         Spirit   .     (no helmet)
rElec  .         Dismiss  .     (no cloak)
rCorr  .         Reflect  .     (no gloves)
SustAt .         Harm     .     (no barding)
MR     .....                    (no amulet)
Stlth  ++........               (no ring)
                                (no ring)

@: agile, lethally poisoned (-1 -> -7), appendage (expiring), flying, very slow,
not resistant to hostile enchantments, unstealthy
A: horns 2, see invisible, deformed body, poison resistance, slowness 2, slow
metabolism 1, spit poison 2, AC +1
a: Spit Poison, End Transformation


You were on level 2 of the Dungeon.
You were not hungry.
You had grown temporary horns.
You visited 1 branch of the dungeon, and saw 2 of its levels.

You collected 36 gold pieces.

Inventory:

Missiles
 a - 12 arrows
Armour
 b - a +0 robe (worn)
Scrolls
 j - a scroll of recharging {unknown}
 m - a scroll of noise {unknown}
 o - a scroll of remove curse {unknown}
 p - a scroll of identify {unknown}
Potions
 h - a potion of flight
 k - 2 potions of haste {unknown}
 l - a potion of invisibility {unknown}
 n - a potion of curing {unknown}
Books
 c - a book of Changes

   Spells                             Type                      Level
   a - Beastly Appendage              Transmutation                1
   b - Sticks to Snakes               Transmutation                2
   c - Spider Form                    Transmutation/Poison         3
   d - Ice Form                       Ice/Transmutation            4
   e - Blade Hands                    Transmutation                5
Comestibles
 d - 3 bread rations
 f - a beef jerky


   Skills:
 - Level 1.0 Fighting
 - Level 1.5 Dodging
 + Level 4.0 Unarmed Combat
 - Level 2.0 Spellcasting
 + Level 3.2 Transmutations


You had 6 spell levels left.
You knew the following spells:

 Your Spells              Type           Power        Failure   Level  Hunger
a - Beastly Appendage     Tmut           #.....       10%         1    ##.....


Dungeon Overview and Level Annotations

Branches:
Dungeon (2/15)

Altars:


Innate Abilities, Weirdness & Mutations

You cannot wear boots.
Your serpentine skin is tough. (AC +1)
You have supernaturally acute eyesight. (SInv)
Armour fits poorly on your strangely shaped body.
Your system is resistant to poisons. (rPois)
You cover ground very slowly.
You have a slow metabolism.
You can spit poison.
You have a pair of horns on your head.


Message History

The adder is severely wounded.
You feel sick. The adder bites you.
* * * LOW HITPOINT WARNING * * *
You punch the adder!
You kill the adder!
Your Unarmed Combat skill increases to level 4!
You have reached level 4!
You feel clever.
It was a potion of flight.
You feel very buoyant.
You fly up into the air.
You feel sick.
It was a potion of agility.
You feel agile all of a sudden.
You feel sick.
Unknown command.
It was a potion of degeneration.
There was something very wrong with that liquid.
You feel weakened.
You feel dopey.
You feel clumsy.
You feel sick. The worm bites you!
You die...

## .#
#########.#.####
#..@w...........
#.#######.######
#.# .# #.# .#
#.# .# #.# .#
#.# .. #.# ..
#.#


You could see a worm.

Vanquished Creatures
  3 adders
  A dart slug (D:1)
  3 giant cockroaches
  2 goblins (D:1)
  2 hobgoblins
  7 jackals (D:1)
  A ball python (D:1)
  3 bats (D:1)
  5 rats (D:1)
27 creatures vanquished.

Notes
Turn   | Place    | Note
-------+----------+-------------------------------------------
     0 | D:1      | HAL9000 the Naga Transmuter began the quest for the Orb.
     0 | D:1      | Reached XP level 1. HP: 18/18 MP: 3/3
    60 | D:1      | Reached XP level 2. HP: 17/25 MP: 3/5
   668 | D:1      | Reached XP level 3. HP: 23/31 MP: 4/6
  1245 | D:2      | Reached skill level 4 in Unarmed Combat
  1245 | D:2      | Reached XP level 4. HP: 11/38 MP: 7/7
  1248 | D:2      | Slain by a worm

Vault maps used:
D:1:      mrwooster_arrival_statue, roderic_lattice_a
D:2:      grunt_temple_overflow_magic_moments, lemuel_doored_altar, first_bread,
          kennysheep_generic_room_13

Skill      XL: |  1  2  3 |
---------------+----------+-----
Transmutations | 3 |  3.2
Unarmed Combat | 4 |  4.0
Fighting       | |  1.0
Dodging        | |  1.5
Spellcasting   | |  2.0

Action                   |  1- 3 |  4- 6 || total
-------------------------+-------+-------++-------
Melee: Unarmed           |   102 |       ||   102
       Headbutt          |     9 |       ||     9
       Punch             |     1 |       ||     1
 Cast: Beastly Appendage |    10 |       ||    10
 Abil: Spit Poison       |     2 |       ||     2
  Use: Potion            |       |     3 ||     3
  Eat: Chunk             |     1 |       ||     1
Armor: Robe              |    16 |       ||    16
Dodge: Dodged            |    73 |       ||    73
